 Dungeon Crawl Stone Soup version 0.23.2-33-g5129a83 (webtiles) character file.

Game seed: 17127306242299099537

834 Fortress the Magician (level 7, -8/50 HPs)
             Began as a Purple Draconian Fire Elementalist on July 14, 2019.
             Was an Initiate of Sif Muna.
             Mangled by a slave (10 damage)
             ... led by Pikel
             ... on level 6 of the Dungeon.
             The game lasted 00:22:00 (5406 turns).

Fortress the Magician (DrFE)                        Turns: 5406, Time: 00:22:01

Health: -8/50      AC:  6    Str: 11    XL:     7   Next: 66%
Magic:  12/16      EV: 12    Int: 17    God:    Sif Muna [......]
Gold:   302        SH:  0    Dex: 11    Spells: 12/18 levels left

rFire    . . .     SeeInvis .   e - +3 dagger (drain)
rCold    . . .     Gourm    .   (no shield)
rNeg     . . .     Faith    .   (armour unavailable)
rPois    .         Spirit   .   (helmet restricted)
rElec    .         Reflect  .   (no cloak)
rCorr    .         Harm     .   (no gloves)
MR       +....                  (no boots)
Stlth    ++........             (no amulet)
HPRegen  0.16/turn              (no ring)
MPRegen  0.15/turn              (no ring)

@: no status effects
A: breathe power, unfitting armour, cold-blooded, AC +6
a: Breathe Dispelling Energy, Renounce Religion


You were on level 6 of the Dungeon.
You worshipped Sif Muna.
Sif Muna was noncommittal.
You were hungry.

You visited 1 branch of the dungeon, and saw 6 of its levels.

You collected 302 gold pieces.

Inventory:

Hand Weapons
 c - a +0 hand axe
 e - a +3 dagger of draining (weapon)
Jewellery
 l - a +3 amulet of reflection {unknown}
 r - an uncursed amulet of the acrobat {unknown}
Wands
 k - a wand of clouds (9)
Scrolls
 a - 4 scrolls of remove curse
 h - 4 scrolls of teleportation
 i - a scroll of enchant weapon
 m - a scroll of identify
Potions
 d - a potion of flight {unknown}
 f - 3 potions of heal wounds
 g - a potion of resistance {unknown}
 j - 3 potions of curing
 n - 2 potions of might {unknown}
 o - a potion of agility {unknown}
 p - a potion of cancellation {unknown}
Comestibles
 b - 11 rations


   Skills:
 - Level 0.2 Short Blades
 - Level 2.0 Dodging
 - Level 2.0 Stealth
 + Level 6.1 Spellcasting
 + Level 4.6 Conjurations
 + Level 5.7 Fire Magic


You had 12 spell levels left.
You knew the following spells:

 Your Spells              Type           Power        Failure   Level  Hunger
a - Flame Tongue          Conj/Fire      ###..        1%          1    None
b - Throw Flame           Conj/Fire      ###...       2%          2    None
c - Conjure Flame         Conj/Fire      ###.....     4%          3    ##.....

Your spell library contained the following spells:

 Spells                   Type           Power        Failure   Level  Hunger
 Inner Flame              Hex/Fire       ###.....     12%         3    ##.....
 Sticky Flame             Conj/Fire      ###.....     16%         4    ####...
 Fireball                 Conj/Fire      ###.......   38%         5    #####..


Dungeon Overview and Level Annotations

Branches:
Dungeon (6/15)
 Temple: D:4-7

Altars:
Ashenzari
Dithmenos
Hepliaklqana
Nemelex Xobeh
Qazlal
Ru
Sif Muna
Uskayaw
Vehumet
Wu Jian
Xom

Annotations:
D:6 Pikel


Innate Abilities, Weirdness & Mutations

You can breathe bolts of dispelling energy.
Your rich purple scales are hard. (AC +6)
You cannot fit into any form of body armour.
You are cold-blooded and may be slowed by cold attacks.


Message History

Press: ? - help, Shift-Dir - straight line, f/p - Pikel
Aim: Pikel, wielding a +2 whip of flaming and wearing a +0 robe (moderately wounded)
The flame tongue hits Pikel.
Pikel is moderately wounded.
Pikel hits you but does no damage. The slave closely misses you.
The slave hits you. The slave closely misses you.
Casting: Flame Tongue (safe; 1% risk of failure)
Confirm with . or Enter, or press ? or * to list all spells.
Aiming: Flame Tongue (safe; 1% risk of failure)
Press: ? - help, Shift-Dir - straight line, f/p - Pikel
Aim: Pikel, wielding a +2 whip of flaming and wearing a +0 robe (moderately wounded)
The flame tongue hits Pikel.
Pikel is heavily wounded.
Pikel hits you with a +2 whip of flaming.
Pikel burns you. The slave hits you!
* * * LOW HITPOINT WARNING * * *
The slave hits you.
* * * LOW HITPOINT WARNING * * *
The slave hits you!
You die...

... #.# .# #.# .#
#.# #.# #.# #.#
######.###.##
#.....p##...#####
#.>.K@p.........
##...pp........#
#.######.#.###..
#.## #(#p# ..
#p#.# #... #.##
##.#p# #..#
###.#. .#.#.#
#..# #....#
#.#..# #..
.##.#.. #.##.#


You could see Pikel and 4 slaves.

Vanquished Creatures
  A hippogriff (D:5)
  An ogre (D:4)
  A crimson imp (D:6)
  A jelly (D:5)
  An orc priest (D:4)
  2 bullfrog skeletons
  2 orc wizards
  A centaur skeleton (D:4)
  5 worker ants
  2 worker ant zombies (D:5)
  3 gnolls (D:2)
  5 adders
  A shadow imp (D:5)
  An ooze (D:4)
  An adder skeleton (D:4)
  2 worms (D:4)
  2 dart slugs
  2 leopard geckos
  20 orcs
  3 giant cockroaches
  9 goblins
  2 hobgoblins
  4 jackals (D:6)
  3 kobolds
  A quokka (D:6)
  4 bats
  2 frilled lizards
  A jackal skeleton (D:5)
  2 leopard gecko skeletons (D:4)
  8 rats
93 creatures vanquished.

Vanquished Creatures (others)
  2 toadstools (D:4)
2 creatures vanquished.

Grand Total: 95 creatures vanquished

Notes
Turn   | Place    | Note
-------+----------+-------------------------------------------
     0 | D:1      | Fortress the Draconian Fire Elementalist began the quest
                  | for the Orb.
     0 | D:1      | Reached XP level 1. HP: 14/14 MP: 3/3
   250 | D:1      | Reached XP level 2. HP: 20/20 MP: 0/5
  1018 | D:2      | Reached XP level 3. HP: 26/26 MP: 1/6
  1382 | D:2      | Found a shimmering altar of Xom.
  1382 | D:2      | Found a sacrificial altar of Ru.
  1382 | D:2      | Found a hide-covered altar of Uskayaw.
  1383 | D:2      | Found a sparkling altar of Nemelex Xobeh.
  1438 | D:2      | Reached XP level 4. HP: 5/33 MP: 0/7
  1766 | D:2      | Found a shadowy altar of Dithmenos.
  2269 | D:3      | Found a shattered altar of Ashenzari.
  2362 | D:3      | Found a radiant altar of Vehumet.
  2693 | D:4      | Reached skill level 3 in Spellcasting
  2693 | D:4      | Reached XP level 5. HP: 34/38 MP: 2/9
  3165 | D:4      | Reached XP level 6. HP: 45/45 MP: 3/11
  3277 | D:4      | Found a hazy altar of Hepliaklqana.
  3319 | D:4      | Reached skill level 4 in Spellcasting
  3478 | D:4      | Found a sparkling altar of Nemelex Xobeh.
  3632 | D:5      | Entered Level 5 of the Dungeon
  3645 | D:5      | Reached skill level 5 in Fire Magic
  3765 | D:5      | Learned a level 2 spell: Throw Flame
  3769 | D:5      | Learned a level 3 spell: Conjure Flame
  3953 | D:5      | Your scales start taking on a rich purple colour.
  3953 | D:5      | Reached skill level 5 in Spellcasting
  3953 | D:5      | Reached XP level 7. HP: 46/50 MP: 7/14
  4570 | D:5      | Found a stormy altar of Qazlal.
  4855 | D:5      | Found a deep blue altar of Sif Muna.
  4858 | D:5      | Found an ornate altar of the Wu Jian Council.
  4935 | D:5      | Noticed a hippogriff
  4955 | D:5      | Killed a hippogriff
  4955 | D:5      | Reached skill level 6 in Spellcasting
  5127 | D:5      | Became a worshipper of Sif Muna the Loreminder
  5398 | D:6      | Noticed Pikel
  5406 | D:6      | HP: 2/50 [slave[Pikel] (5)]
  5406 | D:6      | Mangled by a slave

Skill      XL: |  1  2  3  4  5  6  7 |
---------------+----------------------+-----
Stealth        | 2 |  2.0
Dodging        | 2 |  2.0
Fire Magic     | 4 5 |  5.7
Conjurations   | 2 3 4 |  4.6
Spellcasting   | 3 5 6 |  6.1
Short Blades   | |  0.2

Action                   |  1- 3 |  4- 6 |  7- 9 || total
-------------------------+-------+-------+-------++-------
Melee: Hand axe          |     3 |       |       ||     3
       Dagger            |     6 |    38 |   177 ||   221
       Tailslap          |     1 |     5 |    12 ||    18
 Cast: Flame Tongue      |    48 |   114 |    39 ||   201
       Throw Flame       |       |     4 |     3 ||     7
       Conjure Flame     |       |       |     1 ||     1
  Use: Scroll            |       |     9 |       ||     9
 Stab: Sleeping          |       |     1 |       ||     1
  Eat: Chunk             |     2 |     4 |     2 ||     8
       Ration            |       |     1 |     1 ||     2
Armor: Skin              |     8 |    27 |    57 ||    92
Dodge: Dodged            |    18 |    46 |   105 ||   169
